 Seeded DCSS version 0.29.1-4-g47bece8355 (webtiles) character file.

Game seed: 1 (custom seed)

14470 Kazon the Carver (level 11, -4/84 HPs)
             Began as a Demonspawn Gladiator on Dec 9, 2022.
             Was an Elder of Okawaru.
             Slain by Rupert
             ... wielding a +2 executioner's axe of venom
              (14 damage)
             ... on level 12 of the Dungeon.
             The game lasted 00:52:02 (9113 turns).

Kazon the Carver (Demonspawn Gladiator)             Turns: 9113, Time: 00:52:02

Health: -4/84      AC: 14    Str: 18    XL:     11   Next: 89%
Magic:  9/15       EV: 17    Int: 10    God:    Okawaru [****..]
Gold:   676        SH:  7    Dex: 15    Spells: 10/10 levels left

rFire   + . .      SeeInvis .   s - +3 falchion of Winter {venom, rCorr}
rCold   + + .      Faith    .   c - +0 buckler
rNeg    + . .      Spirit   .   R - +0 troll leather armour
rPois   .          Reflect  .   m - +0 helmet
rElec   .          Harm     .   L - scarf {rC+ rF+}
rCorr   +          Rampage  .   (no gloves)
Will    .....                   o - +2 pair of boots
Stlth   ++++......              g - amulet of the acrobat
HPRegen 1.04/turn               t - ring of positive energy
MPRegen 0.14/turn               j - ring of protection from cold

@: lethally poisoned (-4 -> -13), heroic, finesse-ful
A: claws 2, yellow scales 2, powered by death 1, spiny 2
a: Renounce Religion, Heroism, Finesse


You were on level 12 of the Dungeon.
You worshipped Okawaru.
Okawaru was greatly pleased with you.
You visited 2 branches of the dungeon, and saw 13 of its levels.

You collected 902 gold pieces.
You spent 226 gold pieces at shops.

Inventory:

Hand Weapons
 e - a +2 dagger of venom
 s - the +3 falchion of Winter (weapon) {venom, rCorr}
   (You bought it in a shop on level 3 of the Dungeon)

   It poisons the flesh of those it strikes.
   rCorr:     It protects you from acid and corrosion.
 A - a +1 long sword of protection
Missiles
 d - 3 throwing nets
 l - 42 stones
 q - 2 javelins
 r - 21 boomerangs (quivered)
 B - 4 curare-tipped darts
 F - 33 poisoned darts
Armour
 c - a +0 buckler (worn)
 m - a +0 helmet (worn)
 o - a +2 pair of boots (worn)
 L - a scarf of resistance (worn)
 R - a +0 troll leather armour (worn)
Jewellery
 g - an amulet of the acrobat (around neck)
 j - a ring of protection from cold (right claw)
 t - a ring of positive energy (left claw)
 Q - a ring of protection from cold
Wands
 f - a wand of polymorph (7)
 z - a wand of mindburst (13)
 C - a wand of flame (36)
 K - a wand of paralysis (25)
 M - a wand of roots (6)
Scrolls
 b - 4 scrolls of teleportation
 i - 5 scrolls of identify
 p - 2 scrolls of poison {unknown}
 u - 3 scrolls of fog {unknown}
 v - a scroll of magic mapping {unknown}
 x - a scroll of noise
 y - a scroll of immolation
 E - 2 scrolls of enchant weapon {unknown}
 J - 3 scrolls of fear
 N - a scroll of summoning {unknown}
 P - a scroll of amnesia {unknown}
 T - a scroll of vulnerability {unknown}
Potions
 a - a potion of ambrosia
 h - 2 potions of haste
 k - 3 potions of flight
 n - 4 potions of berserk rage
 w - 5 potions of lignification
 D - a potion of invisibility {unknown}
 G - 2 potions of cancellation
 H - 2 potions of curing
 I - a potion of might
 S - a potion of mutation {unknown}
Miscellaneous
 O - a condenser vane
 U - a phial of floods


   Skills:
 + Level 7.2(12.2) Fighting
 + Level 4.2(12.2) Short Blades
 + Level 9.1(14.5) Long Blades
 + Level 6.6(11.6) Throwing
 + Level 6.3(11.3) Armour
 + Level 6.1(11.1) Dodging
 + Level 4.2(9.2) Stealth
 + Level 4.8(9.8) Shields
 * Level 6.3 Invocations
 * Level 6.1 Evocations


You had 10 spell levels left.
You didn't know any spells.
Your spell library contained the following spells:

 Spells                   Type           Power      Damage    Failure   Level
 Apportation              Tloc           0%         N/A       47%         1
 Magic Dart               Conj           0%         1d3       47%         1
 Necrotise                Necr           0%         1d4       47%         1
 Sting                    Tmut/Pois      0%         1d3       47%         1
 Poisonous Vapours        Pois/Air       0%         N/A       63%         2
 Mephitic Cloud           Conj/Pois/Air  0%         N/A       85%         3
 Ozocubu's Armour         Ice            0%         N/A       85%         3
 Olgreb's Toxic Radiance  Pois           0%         N/A       99%         4
 Fireball                 Conj/Fire      0%         3d3       100%        5
 Iskenderun's Battlesphe  Conj           0%         2d6       100%        5
 Metabolic Englaciation   Hex/Ice        0%         N/A       100%        5
 Conjure Ball Lightning   Conj/Air       0%         3x3d6     100%        6
 Orb of Destruction       Conj           0%         9d5       100%        7
 Summon Small Mammal      Summ           Unusable   N/A       N/A         1
 Call Imp                 Summ           Unusable   N/A       N/A         2
 Simulacrum               Ice/Necr       Unusable   N/A       N/A         6

Dungeon Overview and Level Annotations

Branches:
Dungeon (12/15)            Temple (1/1) D:7            Lair (0/5) D:10
    Orc: D:9-12

Altars:
Ashenzari
Dithmenos
Gozag
Hepliaklqana
Makhleb
Nemelex Xobeh
Okawaru
Uskayaw
Xom

Shops:
D:3 (   D:8 ?(==   D:10 :

Annotations:
D:12 Rupert


Innate Abilities, Weirdness & Mutations

You have very sharp fingernails.
You are mostly covered in yellow scales. (AC +3)
You regenerate a little health from kills.
You are mostly covered in sharp spines.


Message History

You feel sick.
You hit Rupert.
Rupert looks as sick as possible!
Rupert is moderately wounded.
You feel sick. Rupert is struck by your spines.
Rupert hits you with a +2 executioner's axe of venom!!
You are more poisoned.
You hit Rupert but do no damage.
Rupert is moderately wounded.
You feel very sick.
You hit Rupert.
Rupert is heavily wounded.
You feel very sick. Rupert is struck by your spines. Rupert barely misses you.
You hit Rupert.
Rupert looks as sick as possible!
Rupert is heavily wounded.
You feel very sick.
You slash Rupert!
Rupert is heavily wounded.
You feel very sick.
You closely miss Rupert.
Rupert is heavily wounded.
* * * LOW HITPOINT WARNING * * *
You feel very sick. Rupert is struck by your spines. Rupert barely misses you.
* * * LOW HITPOINT WARNING * * *
You feel extremely sick. Rupert attacks as you move away! Rupert misses you.
* * * LOW HITPOINT WARNING * * *
You feel very sick. Rupert misses you.
You slash Rupert!
Rupert is severely wounded.
* * * LOW HITPOINT WARNING * * *
You feel sick.
You hit Rupert but do no damage.
Rupert is severely wounded.
* * * LOW HITPOINT WARNING * * *
You feel sick. Rupert is struck by your spines.
Rupert hits you with a +2 executioner's axe of venom!
You die...

#................#
###......
#.......##########
#...... #.#...###
####... #.#...#
##.. #.##.## ...
######.##.#
######.# ###.
#......##.#
#.....# #.
#.#######[#
#@####.# #. #.#
#.# #@# #.# #.#
#.# #.# #.# #.#
#.# #.# #.# #.#
#.######.# #.#
#........##### #.#
###..........# #.#
#.###.####.# #.#
#.# #.# #.# ###


You could see Rupert (berserk, extremely poisoned).

Vanquished Creatures
  Erolcha (D:10)
  A two-headed ogre (D:9)
  An ugly thing (D:11)
  Maggie (D:6)
  An unseen horror (D:12)
  4 kobold demonologists (D:11)
  3 trolls
  Prince Ribbit (D:9)
  2 shadows
  2 vampires
  22 yaks
  2 wyverns
  Eustachio (D:5)
  2 steam dragons
  Menkaure (D:5)
  Edmund (D:6)
  2 acid dragons
  4 water moccasins
  4 sky beasts
  5 orc warriors
  An ice beast (D:8)
  2 black bears (D:6)
  5 centaurs
  An ogre (D:6)
  2 phantoms (D:6)
  3 kobold brigands
  3 necrophages
  A bullfrog (D:7)
  A gnoll sergeant (D:7)
  5 scorpions
  21 wights
  3 killer bees (D:10)
  An electric eel (D:10)
  A howler monkey (D:5)
  2 jellies (D:6)
  6 hounds
  7 orc priests
  A gnoll bouda (D:7)
  6 iguanas
  4 orc wizards
  Robin (D:3)
  15 gnolls
  13 adders
  3 shadow imps
  2 white imps (D:7)
  An ufetubus (D:5)
  3 worms
  37 orcs
  11 endoplasms
  A giant cockroach (D:1)
  16 goblins
  9 hobgoblins
  A jackal (D:4)
  27 kobolds
  2 quokkas
  5 ball pythons
  4 bats
  3 frilled lizards
  6 rats
297 creatures vanquished.

Notes
Turn   | Place    | Note
-------+----------+-------------------------------------------
     0 | D:1      | Kazon the Demonspawn Gladiator began the quest for the Orb.
     0 | D:1      | Reached XP level 1. HP: 16/16 MP: 1/1
    37 | D:1      | Identified a scroll of acquirement
    37 | D:1      | Acquired the +2 chain mail of Ulafeoch {Drain Will+ Str+3
                  | Int+7}
   173 | D:1      | Gained mutation: You are partially covered in sharp spines.
                  | [demonic ancestry]
   173 | D:1      | Reached XP level 2. HP: 17/22 MP: 2/2
   175 | D:1      | Reached skill level 3 in Long Blades
   815 | D:2      | Gained mutation: You regenerate a little health from kills.
                  | [demonic ancestry]
   815 | D:2      | Reached XP level 3. HP: 24/28 MP: 3/3
  1150 | D:2      | Reached XP level 4. HP: 33/34 MP: 4/4
  1486 | D:3      | Found Umat's Antique Weapon Boutique.
  1508 | D:3      | Bought a crude falchion for 184 gold pieces
  1508 | D:3      | Identified the +3 falchion of Winter {venom, rCorr} (You
                  | bought it in a shop on level 3 of the Dungeon)
  1618 | D:3      | Reached skill level 1 in Short Blades
  1618 | D:3      | Reached XP level 5. HP: 39/39 MP: 5/5
  1619 | D:3      | Reached skill level 4 in Long Blades
  1624 | D:3      | Noticed Robin
  1638 | D:3      | Killed Robin
  1699 | D:3      | Reached skill level 5 in Fighting
  1699 | D:3      | Reached skill level 5 in Long Blades
  1699 | D:3      | Reached skill level 5 in Dodging
  1699 | D:3      | Reached XP level 6. HP: 51/51 MP: 6/6
  2255 | D:4      | Gained mutation: You have sharp fingernails. [demonic
                  | ancestry]
  2255 | D:4      | Reached XP level 7. HP: 49/56 MP: 7/7
  2569 | D:4      | Found a hazy altar of Hepliaklqana.
  2761 | D:5      | Entered Level 5 of the Dungeon
  2815 | D:5      | Noticed Eustachio
  2857 | D:5      | Killed Eustachio
  2924 | D:5      | Reached skill level 1 in Evocations
  2924 | D:5      | Noticed Menkaure
  2931 | D:5      | Killed Menkaure
  2932 | D:5      | Reached skill level 6 in Long Blades
  3152 | D:5      | Gained mutation: You have very sharp fingernails. [demonic
                  | ancestry]
  3152 | D:5      | Reached XP level 8. HP: 51/62 MP: 8/8
  3903 | D:6      | Noticed Maggie
  3925 | D:6      | Killed Maggie
  3926 | D:6      | Reached skill level 5 in Throwing
  4127 | D:6      | Gained mutation: You are mostly covered in sharp spines.
                  | [demonic ancestry]
  4127 | D:6      | Reached XP level 9. HP: 67/68 MP: 9/9
  4250 | D:6      | Noticed Edmund
  4260 | D:6      | Killed Edmund
  4583 | D:6      | Reached skill level 5 in Armour
  4654 | D:6      | Reached skill level 7 in Long Blades
  4864 | D:7      | Found a staircase to the Ecumenical Temple.
  4879 | Temple   | Entered the Ecumenical Temple
  4905 | Temple   | Became a worshipper of Warmaster Okawaru
  4936 | D:7      | Found a hide-covered altar of Uskayaw.
  4989 | D:7      | Gained mutation: You are partially covered in yellow
                  | scales. (AC +2) [demonic ancestry]
  4989 | D:7      | Reached XP level 10. HP: 71/76 MP: 10/10
  5060 | D:7      | Reached skill level 1 in Invocations
  5496 | D:8      | Reached * piety under Okawaru
  5514 | D:8      | Found Esumer's Weapon Shop.
  5668 | D:8      | Found Heidghoki's Jewellery Shop.
  5702 | D:8      | Found Zoxtaeshakh's Jewellery Boutique.
  5813 | D:8      | Found Quzidd's Magic Scroll Emporium.
  5831 | D:8      | Bought a scroll of teleportation for 42 gold pieces
  6373 | D:9      | Noticed a two-headed ogre
  6388 | D:9      | Killed a two-headed ogre
  6388 | D:9      | Reached ** piety under Okawaru
  6513 | D:9      | Noticed Prince Ribbit
  6545 | D:9      | Killed Prince Ribbit
  6860 | D:10     | Entered Level 10 of the Dungeon
  6927 | D:10     | Reached *** piety under Okawaru
  7131 | D:10     | Gained mutation: You are mostly covered in yellow scales.
                  | (AC +3) [demonic ancestry]
  7131 | D:10     | Reached XP level 11. HP: 80/83 MP: 13/13
  7202 | D:10     | Found Juagoaq's Book Shoppe.
  7322 | D:10     | Noticed Erolcha
  7336 | D:10     | Killed Erolcha
  7337 | D:10     | Reached skill level 8 in Long Blades
  7337 | D:10     | Reached skill level 5 in Evocations
  7351 | D:10     | Identified the +5 long sword of the Land of Plenty {drain,
                  | Dex+3}
  7518 | D:10     | Found a staircase to the Lair.
  7729 | D:10     | Reached **** piety under Okawaru
  7731 | D:10     | Reached skill level 5 in Invocations
  8041 | D:11     | Noticed a green ugly thing
  8057 | D:11     | Killed a green ugly thing
  8114 | D:11     | Received a gift from Okawaru
  8508 | D:11     | You fall into a shaft and drop 1 floor!
  8672 | D:12     | Received a gift from Okawaru
  9014 | D:11     | Reached skill level 9 in Long Blades
  9087 | D:12     | Noticed Rupert
  9113 | D:12     | Slain by Rupert

Illustrated notes

Levels and vault maps discovered:
D:1:      dpeg_arrival_three_smaller_balls, layout_basic
D:2:      layout_loops_ring
D:3:      layout_basic, serial_shops, nicolae_shop_stone, st_stairs_9,
          minmay_misc_feat_doors, eino_curves_03, uniq_robin
D:4:      minmay_wonky_spiral, layout_basic,
          mainiacjoe_overflow_surrounded_room, minivault_5
D:5:      layout_cave_pods, uniq_menkaure, uniq_eustachio
D:6:      cheibrodos_barr_body, layout_basic, minmay_crystal_room,
          minmay_pentangle, uniq_maggie, uniq_edmund
D:7:      layout_cave_pools, nicolae_uskayaw_murder_on_the_dancefloor,
          elyvilon_altar_4, minmay_temple_entry_purple_smoke
D:8:      layout_basic, serial_shops, shop_statue, kennysheep_little_box, shop,
          nicolae_shop_window_shopping
D:9:      layout_cave_pools, uniq_prince_ribbit1
D:10:     layout_stronghold, erik_lair_island, serial_shops,
          nicolae_shop_statue_plus, uniq_erolcha
D:11:     layout_roguey
D:12:     layout_loops_ring, orc_0_dummy, chequers_serial_rivers_marsh,
          uniq_lodul, uniq_nessos, uniq_rupert
Temple:   nicolae_temple_bog_church

Skill      XL: |  1  2  3  4  5  6  7  8  9 10 11 |
---------------+----------------------------------+-----
Dodging        | 3 5 6 |  6.1
Long Blades    | 3 5 6 7 9 |  9.1
Throwing       | 2 4 5 6 |  6.6
Short Blades   | 1 4 |  4.2
Fighting       | 5 6 7 |  7.2
Armour         | 3 4 5 6 |  6.3
Stealth        | 4 |  4.2
Shields        | 3 4 |  4.8
Evocations     | 1 2 3 4 6 |  6.1
Invocations    | 3 6 |  6.3

Action                   |  1- 3 |  4- 6 |  7- 9 | 10-12 || total
-------------------------+-------+-------+-------+-------++-------
Melee: Long sword        |    49 |       |       |    11 ||    60
       Dagger            |    12 |    29 |       |     9 ||    50
       Falchion          |       |    52 |   246 |   447 ||   745
       Punch             |       |     1 |     2 |       ||     3
Throw: Stone             |    11 |    14 |    21 |    59 ||   105
       Throwing net      |     1 |       |       |       ||     1
       Boomerang         |       |       |    43 |    47 ||    90
       Dart              |       |       |       |    14 ||    14
Invok: Heroism           |       |       |       |     8 ||     8
       Finesse           |       |       |       |     2 ||     2
Evoke: Wand              |       |       |     3 |     5 ||     8
  Use: Scroll            |     1 |       |     4 |     8 ||    13
       Potion            |       |     1 |     2 |     1 ||     4
 Stab: Sleeping          |       |       |       |     2 ||     2
Armor: Leather armour    |     6 |       |       |       ||     6
       Chain mail        |    23 |    25 |   124 |    94 ||   266
       Troll leather arm |       |       |       |    43 ||    43
Dodge: Dodged            |    35 |    32 |   113 |   183 ||   363
Block: Buckler           |       |       |    50 |    71 ||   121
